 Dungeon Sprint DCSS version 0.25-a0-934-g041635d5d1 (webtiles) character file.

Game seed: 10494301293849594861, levelgen mode: deterministic

806 Conn the Eclecticist (level 7, -7/33 (34) HPs)
             Began as a Deep Elf Wizard on May 4, 2020.
             Mangled by a neqoxec (11 damage)
             ... in the Dungeon (Sprint II: "The Violet Keep of Menkaure").
             The game lasted 00:09:17 (517 turns).

Conn the Eclecticist (Deep Elf Wizard)               Turns: 517, Time: 00:09:18

HP:   -7/33 (34)    AC:  2    Str:  4      XL:     7   Next: 60%
MP:   25/28         EV: 15    Int: 19 (25) God:
Gold: 729           SH:  0    Dex: 10 (13) Spells: 26/37 levels left

rFire    . . .     SeeInvis .   e - +0 spear
rCold    . . .     Gourm    .   (no shield)
rNeg     . . .     Faith    .   a - +0 robe
rPois    .         Spirit   .   b - +0 hat
rElec    .         Reflect  .   (no cloak)
rCorr    .         Harm     .   (no gloves)
MR       .....     NoTele   +   (no boots)
Stlth    +++.......             (no amulet)
HPRegen  0.11/turn              (no ring)
MPRegen  0.21/turn              (no ring)

@: no status effects
A: frail 1
a: no special abilities


You were in the Dungeon.
You were not hungry.

You visited 1 branch You collected 729 gold pieces.

Inventory:

Hand Weapons
 e - a +0 spear (weapon)
Armour
 a - a +0 robe (worn)
 b - a +0 hat (worn)
Scrolls
 j - a scroll of blinking
Comestibles
 d - a ration


   Skills:
 + Level 1.2 Fighting
 + Level 7.9 Dodging
 + Level 6.2 Stealth
 + Level 15.8 Spellcasting
 * Level 4.4 Conjurations
 * Level 4.4 Summonings
 * Level 4.2 Translocations
 * Level 3.9 Fire Magic


You had 26 spell levels left.
You knew the following spells:

 Your Spells              Type           Power        Failure   Level  Hunger
a - Magic Dart            Conj           ####         1%          1    None
b - Blink                 Tloc           N/A          1%          2    None
c - Call Imp              Summ           ####....     1%          2    None
d - Conjure Flame         Conj/Fire      ####....     2%          3    None
e - Mephitic Cloud        Conj/Pois/Air  ###.....     7%          3    None

Your spell library contained the following spells:

 Spells                   Type           Power        Failure   Level  Hunger
 Slow                     Hex            ###.....     6%          2    None


Dungeon Overview and Level Annotations

Branches:
Dungeon (1/1)

Altars:

Annotations:
D exclusion: ice statue


Innate Abilities, Weirdness & Mutations

You are frail. (-10% HP)


Message History

The quasit claws you but does no damage.
The quasit barely misses you. The neqoxec gestures at you.
Strange energies course through your body.
You feel frail.
Attack whom?
Press: ? - help, Dir - move target cursor, f/p - neqoxec
Aim: a neqoxec (almost dead)
You reach to attack!
You hit the neqoxec but do no damage.
The neqoxec is almost dead.
The quasit bites you.
* * * LOW HITPOINT WARNING * * *
You feel clumsy.
The quasit claws you but does no damage.
The quasit completely misses you. The quasit closely misses you.
The quasit misses you. The quasit claws you.
* * * LOW HITPOINT WARNING * * *
You feel clumsy. The neqoxec hits you!
You die...

#..#..#
####.5.##
##.###3##
#...##.##
+##.÷÷5.+
#...##3##
##.###'##
######.##
#@3##.#
##5..##
##+## ≈°○
#'°'#
#≈≈≈○
#°°≈≈≈
+°≈≈°≈8
##≈≈≈≈≈


You could see a neqoxec and a quasit.

Vanquished Creatures
  A merfolk siren (D)
  4 necrophages (D)
5 creatures vanquished.

Vanquished Creatures (collateral kills)
  2 neqoxecs (D)
2 creatures vanquished.

Vanquished Creatures (others)
  A neqoxec (D)
  Menkaure (D)
  A crocodile (D)
3 creatures vanquished.

Grand Total: 10 creatures vanquished

Notes
Turn   | Place    | Note
-------+----------+-------------------------------------------
     0 | D        | Conn the Deep Elf Wizard began the quest for the Orb.
     0 | D        | Reached XP level 1. HP: 10/10 MP: 7/7
     1 | D        | Noticed a necrophage
     1 | D        | Noticed a necrophage
     1 | D        | Noticed a necrophage
     1 | D        | Noticed a necrophage
    14 | D        | Killed a necrophage
    14 | D        | Reached skill level 10 in Spellcasting
    14 | D        | Reached XP level 2. HP: 7/14 MP: 8/15
    14 | D        | Reached XP level 3. HP: 9/18 MP: 8/16
    14 | D        | Reached XP level 4. HP: 11/23 MP: 9/18
    29 | D        | Killed a necrophage
    29 | D        | Reached skill level 5 in Dodging
    29 | D        | Reached skill level 12 in Spellcasting
    29 | D        | Reached XP level 5. HP: 23/28 MP: 3/21
    35 | D        | Killed a necrophage
    35 | D        | Reached skill level 5 in Stealth
    35 | D        | Reached skill level 13 in Spellcasting
    50 | D        | Killed a necrophage
    50 | D        | Reached skill level 1 in Fighting
    50 | D        | Reached skill level 14 in Spellcasting
    50 | D        | Reached XP level 6. HP: 6/33 MP: 15/25
    62 | D        | Learned a level 2 spell: Blink
    65 | D        | Learned a level 2 spell: Call Imp
    69 | D        | Learned a level 3 spell: Conjure Flame
    73 | D        | Learned a level 3 spell: Mephitic Cloud
   232 | D        | Killed Menkaure
   294 | D        | Noticed a merfolk siren
   303 | D        | Killed a merfolk siren
   303 | D        | Reached skill level 15 in Spellcasting
   303 | D        | Reached XP level 7. HP: 37/37 MP: 15/27
   366 | D        | Noticed a neqoxec
   377 | D        | Killed a neqoxec
   387 | D        | Noticed a neqoxec
   387 | D        | Noticed a neqoxec
   420 | D        | Killed a neqoxec
   425 | D        | Killed a neqoxec
   454 | D        | Noticed an ice statue
   516 | D        | Gained mutation: You are frail. (-10% HP) [a neqoxec]
   517 | D        | Mangled by a neqoxec

Levels and vault maps discovered:
D:        the_violet_keep_of_menkaure [sprint2_stairs_cluster_1,
          sprint2_shoproom, sprint2_temple, sprint2_basic_supplies,
          sprint2_obstacle_2, sprint2_obstacle_4, sprint2_obstacle_1,
          sprint2_obstacle_6, sprint2_obstacle_5, sprint2_timed_cluster_1,
          sprint2_smallroom_cluster_1, sprint2_smallroom_final_cluster_1,
          sprint2_transparent_cluster_1, sprint2_second_timed_cluster_1,
          sprint2_sniper_area_1, sprint2_heavy_combat_area_1,
          sprint2_mutation_trap_area_1, sprint2_forest_area_1,
          sprint2_light_combat_area_1, sprint2_behind_water_1,
          sprint2_near_end_vault_1]

Skill      XL: |  1  2  3  4  5  6  7 |
---------------+----------------------+-----
Dodging        | 4 5 7 |  7.9
Stealth        | 4 5 6 |  6.2
Spellcasting   | 10 12 14 15 | 15.8
Conjurations   | 2 4 |  4.4
Fighting       | 1 |  1.2
Summonings     | 3 4 |  4.4
Translocations | 3 4 |  4.2
Fire Magic     | 3 |  3.9

Action                   |  1- 3 |  4- 6 |  7- 9 || total
-------------------------+-------+-------+-------++-------
Melee: Unarmed           |    11 |     9 |       ||    20
       Spear             |       |       |     8 ||     8
 Cast: Magic Dart        |       |    26 |     4 ||    30
       Conjure Flame     |       |     1 |     1 ||     2
       Mephitic Cloud    |       |     1 |       ||     1
       Call Imp          |       |       |    25 ||    25
       Blink             |       |       |     2 ||     2
  Use: Potion            |     2 |     3 |     1 ||     6
Armor: Robe              |     1 |       |     5 ||     6
Dodge: Dodged            |     2 |    22 |    16 ||    40

Table legend:
 A = Non-vault XP
 B = Vault XP
 C = Vault XP percentage of total XP
 D = Non-vault monster count
 E = Vault monster count
 F = Vault count percentage of total count
                 A         B        C        D         E       F
            +---------+---------+-------+---------+---------+-------
      Total |       0 |    1152 | 100.0 |       0 |       7 | 100.0
            +---------+---------+-------+---------+---------+-------
          D |       0 |    1152 | 100.0 |       0 |       7 | 100.0
            +---------+---------+-------+---------+---------+-------
